 Dungeon Sprint DCSS version 0.29-a0-838-g385bb11a5b (webtiles) character file.

Game seed: 14611343216685911158

2 purpskrrrp the Grave Robber (level 1, -1/13 HPs)
             Began as a Mummy Necromancer on July 13, 2022.
             Slain by a giant cockroach (2 damage)
             ... in the Dungeon (Sprint IX: "|||||||||||||||||||||||||||||").
             The game lasted 00:01:56 (36 turns).

purpskrrrp the Grave Robber (Mummy Necromancer)       Turns: 36, Time: 00:01:56

Health: -1/13      AC:  2    Str: 11    XL:     1   Next: 25%
Magic:  1/4        EV: 12    Int: 14    God:
Gold:   0          SH:  0    Dex: 12    Spells: 4/5 levels left

rFire   x . .      SeeInvis .   (no weapon)
rCold   + . .      Faith    .   (no shield)
rNeg    + + +      Spirit   .   a - +0 robe
rPois   ∞          Reflect  .   (no helmet)
rElec   .          Harm     .   (no cloak)
rCorr   .          Rampage  .   (no gloves)
Will    .....      NoTele   +   (no boots)
Stlth   ++........              (no amulet)
HPRegen 0.04/turn               (no ring)
MPRegen 0.09/turn               (no ring)

@: no status effects
A: cold resistance 1, negative energy resistance 3, torment resistance 2, heat
vulnerability 1, no potions
a: no special abilities


You were in the Dungeon.
You visited 1 branch

Inventory:

Armour
 a - a +0 robe (worn)


   Skills:
 + Level 1.5 Dodging
 * Level 1.6 Stealth
 + Level 2.7 Spellcasting
 * Level 4.6 Necromancy


You had 4 spell levels left.
You knew the following spells:

 Your Spells              Type           Power      Damage    Failure   Level
a - Necrotise             Necr           60%        1d7       3%          1

Your spell library contained the following spells:

 Spells                   Type           Power      Damage    Failure   Level
 Vampiric Draining        Necr           15%        2d7       10%         3
 Animate Dead             Necr           15%        N/A       32%         4
 Agony                    Necr           15%        N/A       65%         5


Dungeon Overview and Level Annotations

Branches:
Dungeon (1/1)

Altars:


Innate Abilities, Weirdness & Mutations

You are immune to poison.
Your flesh is cold resistant. (rC+)
You are immune to negative energy. (rN+++)
You are immune to unholy pain and torment.
You are vulnerable to heat. (rF-)
You do not drink.


Message History

Aiming: Necrotise (safe; 3% risk of failure)
Press: ? - help, Q - select action Shift-Dir - straight line, f - jackal
Aim: a jackal (moderately wounded, chance to affect: 85%)
The jackal barely resists.
The jackal bites you.
You hit the jackal but do no damage.
The jackal is moderately wounded.
The jackal bites you.
Aiming: Necrotise (safe; 3% risk of failure)
Press: ? - help, Q - select action Shift-Dir - straight line, f/p - jackal
Aim: a jackal (moderately wounded, chance to affect: 85%)
The jackal writhes in agony.
The jackal barely misses you. The jackal misses you.
You hit the jackal but do no damage.
The jackal is severely wounded.
The jackal closely misses you.
You barely miss the jackal.
The jackal is severely wounded.
The jackal bites you but does no damage.
The jackal bites you.
You barely miss the jackal.
The jackal is severely wounded.
The jackal bites you.
* * * LOW HITPOINT WARNING * * *
You hit the jackal.
The jackal is almost dead.
The jackal barely misses you.
You closely miss the jackal.
The jackal is almost dead.
The jackal bites you.
* * * LOW HITPOINT WARNING * * *
The jackal bites you but does no damage.
The jackal closely misses you.
There is a staircase leading out of the dungeon here.
Blink to where?
Press: ? - help, Dir - move target, p - jackal
As you read the scroll of blinking, it crumbles to dust.
You hit the giant cockroach but do no damage.
The giant cockroach bites you.
You die...

▓+▓
▓@▓
▓B▓
▓h▓
▓.▓
▓.▓
▓†▓
▓.▓
▓.▓
▓.▓


You could see a jackal and a giant cockroach.

Vanquished Creatures
  2 bats (D)
  A rat (D)
3 creatures vanquished.

Notes
Turn   | Place    | Note
-------+----------+-------------------------------------------
     0 | D        | purpskrrrp the Mummy Necromancer began the quest for the
                  | Orb.
     0 | D        | Reached XP level 1. HP: 13/13 MP: 4/4
    36 | D        | Slain by a giant cockroach

Illustrated notes

Levels and vault maps discovered:
D:        linesprint [early_d, line_temple, items_1, d_10, items_2, lair_1,
          lair_end, items_3, orc_1, orc_end, items_4, d_15, swamp_1, shoals_1,
          snake_1, spider_1, d_20, vaults_1, items_5, swamp_end, shoals_end,
          snake_end, spider_end, vaults_end, d_27, items_6, zot_1, zot_end,
          crypt_end, forest_end, elf_end, slime_end, tomb_end, abyss_end,
          pan_hell_end]

Action                   || total
-------------------------++-------
Melee: Unarmed           ||    15
 Cast: Necrotise         ||     4
  Use: Scroll            ||     1
Armor: Robe              ||     5
Dodge: Dodged            ||    15

Table legend: (Time is in decaauts)
 A = Elapsed time spent in this place.
 B = Non-inter-level travel time spent in this place.
 C = Inter-level travel time spent in this place.
 D = Time resting spent in this place.
 E = Time spent auto-exploring this place.
 F = Levels seen in this place.
 G = Mean time per level.
                   A        B        C        D        E       F      G
               +--------+--------+--------+--------+--------+-----+--------+
         Total |     36 |     36 |      0 |      0 |      0 |   1 |   36.0 |
       Dungeon |     36 |     36 |      0 |      0 |      0 |   1 |   36.0 |
               +--------+--------+--------+--------+--------+-----+--------+

Top non-repeatable levels by time:
       D: 36 daAuts
